 Dungeon Crawl Stone Soup version 0.14-a0-2644-gcc8e764 (webtiles) character file.

1288 Herrn the Skirmisher (level 8, -5/69 HPs)
             Began as a Djinni Fighter on Feb 16, 2014.
             Slain by a yak (10 damage)
             ... on Level 4 of the Dungeon.
             The game lasted 00:17:22 (4693 turns).

Herrn the Skirmisher (Djinni Fighter)               Turns: 4693, Time: 00:17:22

HP  -5/69        AC  5     Str 20      XL: 8   Next:  7%
MP   0/0         EV 12     Int 10      God:
Gold 222         SH 20     Dex 21      Spells:  0 memorised,  7 levels left

rFire  + + +     SeeInvis .     r - +7,-1 war axe of Desperation {venom, +Rage rC+ Int+2}
rCold  . . .     Clarity  .     m - +0 ring mail (curse)
rNeg   + + +     Conserve .     c - +0 shield (curse)
rPois  .         rCorr    .     (no helmet)
rElec  .         rRot     .     (no cloak)
SustAb . .       Spirit   .     (no gloves)
rMut   .         Warding  .     (boots unavailable)
Saprov . . .     Stasis   .     (no amulet)
MR     .....                    (no ring)
                                g - +4 ring of strength

@: agile, flying, not resistant to hostile enchantments, stealthy
A: fire immunity, cold vulnerability, life protection 3
a: no special abilities


You were on level 4 of the Dungeon.
You were not hungry.

You visited 1 branch of the dungeon, and saw 4 of its levels.

You collected 222 gold pieces.

Inventory:

Hand weapons
 a - a +2,+1 falchion
 r - the cursed +7,-1 war axe of Desperation (weapon) {venom, +Rage rC+ Int+2}
   (You found it on level 4 of the Dungeon)

   It poisons the flesh of those it strikes.
   It affects your intelligence (+2).
   It protects you from cold.
   It lets you go berserk.
   It has a curse placed upon it.
Armour
 b - a +0 scale mail
 c - a cursed +0 shield (worn)
 k - a +0 orcish chain mail
 m - a cursed +0 ring mail (worn)
 n - a +0 orcish chain mail
Scrolls
 h - a scroll of enchant weapon I
 i - 4 scrolls of magic mapping
 j - 2 scrolls of teleportation
 l - a scroll of enchant armour {unknown}
 o - 2 scrolls of fear
Jewellery
 g - a +4 ring of strength (left hand)
Potions
 d - a potion of resistance
 e - a potion of agility
 q - a potion of restore abilities
Books
 p - a book of Changes

   Spells                             Type                      Level
   Beastly Appendage                  Transmutation                1
   Sticks to Snakes                   Transmutation                2
   Spider Form                        Transmutation/Poison         3
   Ice Form                           Ice/Transmutation            4
   Blade Hands                        Transmutation                5


   Skills:
 * Level 6.8 Fighting
 + Level 6.3 Long Blades
 - Level 3.2 Armour
 - Level 3.0 Shields
 * Level 2.6 Evocations


You had 7 spell levels left.
You didn't know any spells.

Dungeon Overview and Level Annotations

Branches:
Dungeon (4/16)
 Temple: D:4-7

Altars:
Fedhas


Innate Abilities, Weirdness & Mutations

You are immune to all types of fire, even holy and hellish.
You are vulnerable to cold.
You need no food.
You have no legs.
You are immune to negative energy.


Message History

You hit the yak.
The yak looks even sicker.
The yak is moderately wounded.
The yak gores you but does no damage. You block the yak's attack.
You barely miss the yak.
The yak is moderately wounded.
You block the yak's attack.
You hit the yak but do no damage.
The yak looks even sicker.
The yak is moderately wounded.
You block the yak's attack.
You hit the yak.
The yak is heavily wounded.
The yak gores you!
* * * LOW HITPOINT WARNING * * *
You slash the yak!
The yak is severely wounded.
The yak barely misses you. The yak closely misses you.
You hit the yak.
The yak is almost dead.
The yak gores you!
You die...

#.......#
#.#...#.###sO.....
#.......#
#.#.#.........s.#.
#.###+###
#.#.###.#######...
#.# #.#. ...# #...
#.# #.#######
#.###... #.#
#....... #.#
######.. #.# .. #@#
.. #. #Y# .#
##...###Y#######.%
.#
.........#.........
##
...................
#...#####.........
... .Y....... ..
Y.z.......
...........


You could see 2 yaks.

Vanquished Creatures
  3 yaks (D:4)
  An ogre (D:4)
  2 big kobolds
  An orc priest (D:3)
  3 scorpions
  A worker ant (D:4)
  7 adders
  7 gnolls
  An inept feature mimic (D:4)
  A worm (D:2)
  An orc skeleton (D:4)
  3 orcs
  10 bats
  A bat zombie (D:4)
  39 goblins
  27 hobgoblins
  6 jackals
  5 kobolds
  3 quokkas
  A ball python (D:2)
  5 giant cockroaches
  A giant gecko (D:3)
  A giant gecko skeleton (D:4)
  A giant newt (D:2)
  A giant newt skeleton (D:4)
  A hobgoblin skeleton (D:4)
  A jackal skeleton (D:4)
  12 rats
146 creatures vanquished.

Notes
Turn   | Place    | Note
--------------------------------------------------------------
     0 | D:1      | Herrn, the Djinni Fighter, began the quest for the Orb.
     0 | D:1      | Reached XP level 1. HP: 16/16 MP: 0/0
   323 | D:1      | Reached XP level 2. EP: 20/23
   713 | D:2      | Reached XP level 3. EP: 11/30
   746 | D:2      | HP: 1/30 [poisoned by an adder]
  1206 | D:2      | Reached skill level 4 in Fighting
  1274 | D:2      | Reached XP level 4. EP: 32/37
  1672 | D:2      | Found a blossoming altar of Fedhas.
  2843 | D:3      | Reached XP level 5. EP: 43/43
  3132 | D:3      | Noticed a big kobold
  3135 | D:3      | Noticed a big kobold
  3405 | D:2      | Killed a big kobold
  3405 | D:2      | Reached skill level 5 in Fighting
  3480 | D:3      | Reached XP level 6. EP: 44/51
  3758 | D:3      | Killed a big kobold
  4142 | D:4      | Reached skill level 5 in Long Blades
  4156 | D:4      | Got a smoking war axe
  4192 | D:3      | Identified the cursed +7,-1 war axe of Desperation {venom, +Rage rC+ Int+2} (You found it on level 4 of the Dungeon)
  4429 | D:4      | Reached XP level 7. EP: 26/59
  4578 | D:4      | Reached skill level 6 in Fighting
  4601 | D:4      | Reached skill level 1 in Evocations
  4641 | D:4      | Noticed a yak
  4642 | D:4      | Noticed a yak
  4642 | D:4      | Noticed a yak
  4642 | D:4      | Noticed a yak
  4642 | D:4      | Noticed a yak
  4656 | D:4      | Killed a yak
  4672 | D:4      | Killed a yak
  4684 | D:4      | Killed a yak
  4684 | D:4      | Reached XP level 8. EP: 35/69
  4693 | D:4      | Slain by a yak

Action                   |  1- 3 |  4- 6 |  7- 9 || total
-------------------------+-------+-------+-------++-------
Melee: Falchion          |   166 |   310 |       ||   476
       War axe           |       |    30 |    62 ||    92
  Use: Scroll            |       |    11 |       ||    11
       Potion            |       |       |     5 ||     5
